 Dungeon Crawl Stone Soup version 0.31.0-9-g3a7656b989 (webtiles) character file.

Game seed: 17735760052497494099

913 qw the Nimble (level 7, 0/35 HPs)
             Began as a Spriggan Hunter on Feb 2, 2024.
             Slain by a kobold brigand
             ... wielding a +2 short sword of flaming
              (5 damage)
             ... on level 5 of the Dungeon.
             The game lasted 00:00:16 (3311 turns).

qw the Nimble (Spriggan Hunter)                     Turns: 3311, Time: 00:00:16

Health: 0/35       AC:  5    Str:  7    XL:     7   Next: 82%
Magic:  8/8        EV: 27    Int: 10    God:
Gold:   156        SH:  0    Dex: 27    Spells: 6/6 levels left

rFire   . . .        g - +0 orcbow
rCold   . . .        (shield currently unavailable)
rNeg    . . .        c - +0 robe
rPois   .            (helmet restricted)
rElec   .            e - +2 cloak
rCorr   .            (gloves unavailable)
SInv    +            (boots unavailable)
Will    +....        j - amulet of the acrobat
Stlth   +++          d - +6 ring of dexterity
HPRegen 0.25/turn    (no ring)
MPRegen 0.11/turn

%: acrobat
@: very quick
A: very small, no large weapons, unfitting armour, see invisible, speed 3
a: no special abilities


You were on level 5 of the Dungeon.
You visited 2 branches of the dungeon, and saw 6 of its levels.

You collected 156 gold pieces.


Innate Abilities, Weirdness & Mutations

You are very small and have problems with some larger weapons.
You are too small for most types of armour.
You have supernaturally acute eyesight. (SInv)
You cover ground extremely quickly. (Speed+++)


   Skills:
 - Level 2.6 Fighting
 - Level 7.1 Ranged Weapons
 + Level 8.6 Dodging
 - Level 1.5 Stealth


You had 6 spell levels left.
You didn't know any spells.
Your spell library was empty.

Inventory:

Hand Weapons
 g - a +0 orcbow (weapon)
Armour
 c - a +0 robe (worn)
 e - a +2 cloak (worn)
Jewellery
 d - a +6 ring of dexterity (left hand)
 j - an amulet of the acrobat (around neck)
Potions
 a - a potion of magic {unknown}
 b - a potion of berserk rage {unknown}
 f - a potion of resistance
 l - 2 potions of heal wounds {unknown}
 m - a potion of brilliance {unknown}

Dungeon Overview and Level Annotations

Branches:
Dungeon (5/15)             Temple (1/1) D:4

Altars:
Ashenzari
Cheibriados
Dithmenos
Fedhas
Kikubaaqudgha
Makhleb
Ru
Trog
Vehumet
Wu Jian
Xom
Yredelemnul
Zin
The Shining One


Message History

The kobold brigand closely misses you.
The kobold brigand hits you with a +2 short sword of flaming.
The kobold brigand burns you. The kobold hits you but does no damage.
You shoot an arrow.
The arrow closely misses the kobold brigand.
The kobold brigand misses you. The kobold brigand closely misses you.
The kobold completely misses you.
You shoot an arrow.
The arrow closely misses the kobold brigand.
The kobold brigand misses you. The kobold brigand barely misses you.
The kobold closely misses you. The kobold barely misses you.
The kobold brigand closely misses you. The kobold brigand misses you.
You shoot an arrow.
The arrow hits the kobold brigand but does no damage.
The kobold brigand is moderately wounded.
The kobold brigand closely misses you.
The kobold brigand hits you but does no damage.
The kobold misses you.
You shoot an arrow.
The arrow closely misses the kobold brigand.
The kobold brigand completely misses you. x2
The kobold completely misses you.
You shoot an arrow. The arrow hits the kobold brigand.
The kobold brigand is moderately wounded.
The kobold brigand hits you with a +0 club.
The kobold brigand completely misses you.
The kobold completely misses you.
You shoot an arrow.
The arrow closely misses the kobold brigand.
The kobold brigand completely misses you. x2
The kobold barely misses you.
You shoot an arrow. The arrow hits the kobold brigand!
The kobold brigand is heavily wounded.
The kobold brigand completely misses you.
The kobold brigand closely misses you. The kobold closely misses you.
You shoot an arrow. The arrow hits the kobold brigand.
The kobold brigand is severely wounded.
The kobold brigand closely misses you.
The kobold brigand hits you with a +2 short sword of flaming.
You die...

###....###.......
#.#.##..###.....)..
#.....#.####....... ####
##....#..# ##....)) ....#
#.......#####.....
.....##.....#.#.###.....
....).'....##....#..##..
.....)K)...####.....##..
=.....K@........##.....#
.....##K.##...######..## ...
#.##..[######..... #
##..#......##......
######...........>..##..
##########.....#............###..
.....#.#.............#.#....#.#..
....................##........#..
##...###.............##..........


You could see 2 kobold brigands and a kobold.

Vanquished Creatures
  3 ogres
  A centaur (D:5)
  A phantom (D:5)
  A kobold brigand (D:5)
  A howler monkey (D:4)
  3 hounds
  A bombardier beetle (D:5)
  2 iguanas
  An orc wizard (D:4)
  3 gnolls (D:4)
  8 adders
  2 ufetubi (D:5)
  2 dart slugs
  6 orcs
  3 bats
  8 endoplasms
  2 giant cockroaches
  9 goblins
  9 hobgoblins
  6 kobolds
  6 quokkas
  8 ball pythons
  2 frilled lizards
  2 rats (D:3)
90 creatures vanquished.

Notes
Turn   | Place    | Note
-------+----------+-------------------------------------------
     0 | D:1      | qw the Spriggan Hunter began the quest for the Orb.
     0 | D:1      | Reached XP level 1. HP: 10/10 MP: 2/2
     0 | D:1      | 0 ||| qw: Version: 0.3-a-155-g5e7d8dd
     0 | D:1      | 0 ||| qw: Game counter: 348
     0 | D:1      | 0 ||| qw: Melee chars always use a shield: true
     0 | D:1      | 0 ||| qw: God list: Okawaru
     0 | D:1      | 0 ||| qw: Allow faded altars: false
     0 | D:1      | 0 ||| qw: Do Orc after clearing Dungeon:15 true
     0 | D:1      | 0 ||| qw: Do second Lair branch before Depths: true
     0 | D:1      | 0 ||| qw: Lair rune preference: random
     0 | D:1      | 0 ||| qw: Goals: Normal
     0 | D:1      | 0 ||| PLANNING D:1-11
    41 | D:1      | Reached skill level 3 in Dodging
   373 | D:1      | Reached XP level 2. HP: 14/14 MP: 3/3
   425 | D:1      | 425 ||| UPGRADING to +0 cloak.
   430 | D:1      | 430 ||| UPGRADING to +6 ring of dexterity.
   431 | D:1      | 431 ||| READING scroll labelled MINGYAVVEI.
   432 | D:1      | 432 ||| DROPPING scroll of butterflies.
   446 | D:2      | Reached skill level 4 in Dodging
   780 | D:2      | HP: 3/14 [poisoned by an adder]
   783 | D:2      | HP: 1/14 [poisoned by an adder]
   943 | D:2      | Reached XP level 3. HP: 18/18 MP: 4/4
   947 | D:2      | Reached skill level 5 in Dodging
  1283 | D:2      | 1283 ||| DROPPING scarf of shadows.
  1284 | D:2      | 1284 ||| READING 2 scrolls of identify.
  1284 | D:2      | 1284 ||| IDENTIFYING bubbling brown potion
  1285 | D:2      | 1285 ||| READING scroll of identify.
  1285 | D:2      | 1285 ||| IDENTIFYING ruby potion
  1286 | D:2      | 1286 ||| READING scroll labelled NORCHO LIHETAUG.
  1287 | D:2      | 1287 ||| READING scroll labelled YCIRIR NEGAI.
  1288 | D:2      | 1288 ||| READING scroll labelled WUTA LAHAMI.
  1288 | D:2      | 1288 ||| ENCHANTING +0 shortbow.
  1289 | D:2      | 1289 ||| READING scroll labelled HAEWER BEYDE.
  1290 | D:2      | 1290 ||| READING scroll labelled ZILY DIQIBB.
  1391 | D:2      | 1391 ||| READING scroll labelled JEXASY DAD FULE.
  1424 | D:2      | 1424 ||| DROPPING potion of invisibility.
  1579 | D:3      | Reached XP level 4. HP: 22/22 MP: 5/5
  2036 | D:3      | 2036 ||| UPGRADING to amulet of the acrobat.
  2041 | D:3      | 2041 ||| READING scroll of identify.
  2041 | D:3      | 2041 ||| IDENTIFYING viscous yellow potion
  2042 | D:3      | 2042 ||| READING scroll labelled CAHEKH WUINO.
  2045 | D:3      | 2045 ||| READING scroll labelled OHYAWNI WARU.
  2045 | D:3      | 2045 ||| ENCHANTING +0 cloak.
  2046 | D:3      | 2046 ||| DROPPING potion of lignification.
  2103 | D:4      | Found an ancient bone altar of Kikubaaqudgha.
  2143 | D:4      | Noticed an ogre
  2147 | D:4      | Killed an ogre
  2148 | D:4      | Reached skill level 6 in Dodging
  2148 | D:4      | Reached XP level 5. HP: 25/25 MP: 6/6
  2159 | D:4      | Noticed an ogre
  2166 | D:4      | Killed an ogre
  2167 | D:4      | Reached XP level 6. HP: 32/32 MP: 7/7
  2175 | D:4      | 2175 ||| READING scroll of enchant armour.
  2175 | D:4      | 2175 ||| ENCHANTING +1 cloak.
  2188 | D:4      | 2188 ||| RETREEEEATING.
  2189 | D:4      | 2189 ||| RETREEEEATING.
  2203 | D:4      | 2203 ||| FLEEEEING.
  2204 | D:4      | 2204 ||| FLEEEEING.
  2205 | D:4      | 2205 ||| FLEEEEING.
  2206 | D:4      | 2206 ||| FLEEEEING.
  2207 | D:4      | 2207 ||| FLEEEEING.
  2293 | D:4      | Found a staircase to the Ecumenical Temple.
  2294 | D:4      | 2294 ||| PLANNING TEMPLE
  2294 | D:4      | 2294 ||| READING scroll of identify.
  2294 | D:4      | 2294 ||| IDENTIFYING black potion
  2295 | D:4      | 2295 ||| DROPPING potion of degeneration.
  2304 | Temple   | Entered the Ecumenical Temple
  2305 | Temple   | 2305 ||| PLANNING D:1-11
  2365 | D:4      | Reached skill level 6 in Ranged Weapons
  2379 | D:4      | Found a snail-covered altar of Cheibriados.
  2883 | D:5      | Entered Level 5 of the Dungeon
  2926 | D:5      | Reached skill level 7 in Dodging
  2989 | D:5      | Reached XP level 7. HP: 35/35 MP: 8/8
  2997 | D:5      | Reached skill level 8 in Dodging
  3066 | D:5      | 3066 ||| SWAPPING to +0 orcbow.
  3067 | D:5      | 3067 ||| DROPPING +1 shortbow.
  3302 | D:5      | HP: 8/35 [kobold/+0 whip (3)]
  3308 | D:5      | HP: 4/35 [kobold brigand/+0 club (3)]
  3311 | D:5      | Slain by a kobold brigand

Levels and vault maps discovered:
D:1:      mushboom_english_gardens, layout_rooms
D:2:      minmay_razor_zed, layout_basic
D:3:      layout_basic
D:4:      layout_basic, pf_just_have_faith, kiku_gazebo_pond_becter,
          minmay_temple_entry_waves
D:5:      cheibrodos_fertilizer, layout_cave_pools,
          nicolae_sif_muna_little_library
Temple:   minmay_temple_forest_path

Skill      XL: |  1  2  3  4  5  6  7 |
---------------+----------------------+-----
Dodging        | 3 4 5 6 7 8 |  8.6
Ranged Weapons | 5 6 7 |  7.1
Fighting       | 2 |  2.6
Stealth        | |  1.5

Action                     |  1- 3 |  4- 6 |  7- 9 || total
---------------------------+-------+-------+-------++-------
   Fire: Shortbow          |    87 |   150 |    10 ||   247
         Orcbow            |       |       |    52 ||    52
    Use: Scroll            |     9 |     5 |       ||    14
 Armour: Robe              |     7 |    14 |    17 ||    38
  Dodge: Dodged            |    13 |    55 |    74 ||   142

Table legend:
 A = Non-vault XP
 B = Vault XP
 C = Vault XP percentage of total XP
 D = Non-vault monster count
 E = Vault monster count
 F = Vault count percentage of total count
                 A         B        C        D         E       F
            +---------+---------+-------+---------+---------+-------
      Total |    1170 |     135 |  10.3 |      76 |      14 |  15.6
            +---------+---------+-------+---------+---------+-------
        D:1 |      17 |       0 |   0.0 |      10 |       0 |   0.0
        D:2 |      21 |      32 |  60.4 |       6 |      11 |  64.7
        D:3 |      66 |       0 |   0.0 |      22 |       0 |   0.0
        D:4 |     491 |       0 |   0.0 |      22 |       0 |   0.0
        D:5 |     575 |     103 |  15.2 |      16 |       3 |  15.8
            +---------+---------+-------+---------+---------+-------
